 Dungeon Crawl Stone Soup version 0.25.1-2-g60ff931df9 (webtiles) character file.

Game seed: 8829488410733104701

46 Exodus22XD the Poker (level 3, -1/27 HPs)
             Began as a Demonspawn Gladiator on Nov 7, 2020.
             Slain by an iguana (9 damage)
             ... on level 3 of the Dungeon.
             The game lasted 00:01:24 (1958 turns).

Exodus22XD the Poker (Demonspawn Gladiator)         Turns: 1958, Time: 00:01:25

Health: -1/27      AC:  6    Str: 15    XL:     3   Next: 44%
Magic:  3/3        EV: 12    Int:  9    God:
Gold:   160        SH:  0    Dex: 14    Spells: 2/2 levels left

rFire    . . .     SeeInvis .   a - +0 trident
rCold    . . .     Gourm    .   (no shield)
rNeg     . . .     Faith    .   j - +0 ring mail
rPois    .         Spirit   .   c - +0 helmet
rElec    .         Reflect  .   (no cloak)
rCorr    .         Harm     .   (no gloves)
MR       .....                  (no boots)
Stlth    +.........             (no amulet)
HPRegen  0.09/turn              (no ring)
MPRegen  0.08/turn              (no ring)

@: no status effects
A: powered by death 1
a: no special abilities


You were on level 3 of the Dungeon.
You were not hungry.

You visited 1 branch of the dungeon, and saw 3 of its levels.

You collected 160 gold pieces.

Inventory:

Hand Weapons
 a - a +0 trident (weapon)
Missiles
 d - 2 throwing nets (quivered)
Armour
 c - a +0 helmet (worn)
 j - a +0 ring mail (worn)
Scrolls
 b - a scroll of teleportation {unknown}
 e - 5 scrolls of identify {unknown}
 l - a scroll of enchant weapon {unknown}
 m - a scroll of noise {unknown}
Potions
 h - a potion of curing {unknown}
 i - 2 potions of brilliance {unknown}
 k - a potion of flight {unknown}
Comestibles
 f - 5 rations
 g - 5 chunks of flesh


   Skills:
 + Level 2.1 Fighting
 + Level 3.4 Polearms
 - Level 1.7 Throwing
 + Level 0.4 Armour
 + Level 3.2 Dodging


You had 2 spell levels left.
You didn't know any spells.
Your spell library was empty.

Dungeon Overview and Level Annotations

Branches:
Dungeon (3/15)

Altars:

Annotations:
D:3 Sigmund


Innate Abilities, Weirdness & Mutations

You regenerate a little health from kills.


Message History

You barely miss Sigmund.
Sigmund is moderately wounded.
Sigmund barely misses you. The iguana bites you.
Drop what? 13/52 slots (_ for help) (? for menu, Esc to quit)
Okay, then.
Attack whom?
Press: ? - help, Dir - move target cursor, f/p - Sigmund
Aim: Sigmund, wielding a +5 scythe of protection and wearing a +0 robe (moderately wounded)
You hit Sigmund.
Sigmund is heavily wounded.
Sigmund hits you with a +5 scythe of protection.
The iguana bites you.
* * * LOW HITPOINT WARNING * * *
Throwing (i - inventory)
d - 3 throwing nets (quivered)
Press: ? - help, Shift-Dir - straight line, f/p - Sigmund
Aim: Sigmund, wielding a +5 scythe of protection and wearing a +0 robe (heavily wounded)
You throw a throwing net.
The throwing net closely misses Sigmund.
The iguana bites you!
You die...

#### ..... .....
###### ...... #....#
...... ♣♣.♣
#....##...... ♣♣.P.
#.....l...... ♣P...
#....@@.....( ##
#....# #.....).?....
.#
#....###....##....$.
.# #...........#
###### .#
#..........# .#
#...÷......# .#
#..........# .#
#..........# .#
#..........#


You could see Sigmund and an iguana.

Vanquished Creatures
  An ooze (D:2)
  A worm (D:2)
  A leopard gecko (D:2)
  3 giant cockroaches
  5 goblins
  4 hobgoblins
  4 jackals (D:1)
  7 bats
  3 frilled lizards
  2 kobolds (D:1)
  4 rats
35 creatures vanquished.

Notes
Turn   | Place    | Note
-------+----------+-------------------------------------------
     0 | D:1      | Exodus22XD the Demonspawn Gladiator began the quest for the
                  | Orb.
     0 | D:1      | Reached XP level 1. HP: 16/16 MP: 1/1
   281 | D:1      | Gained mutation: You regenerate a little health from kills.
                  | [demonic ancestry]
   281 | D:1      | Reached XP level 2. HP: 22/22 MP: 2/2
  1284 | D:2      | Reached XP level 3. HP: 27/27 MP: 3/3
  1937 | D:3      | Noticed Sigmund
  1958 | D:3      | Slain by an iguana

Illustrated notes

Levels and vault maps discovered:
D:1:      tarquinn_simple_flora_water_f, layout_loops_cross
D:2:      layout_loops_corners
D:3:      layout_basic, lemuel_coloured_pillars_altar,
          gammafunk_temple_overflow_claw, first_ration, hangedman_glass_teeth,
          uniq_crazy_yiuf_cottage, uniq_sigmund

Skill      XL: |  1  2 |
---------------+-------+-----
Dodging        | 3 |  3.2
Polearms       | 3 |  3.4
Fighting       | |  2.1
Throwing       | |  1.7
Armour         | |  0.4

Action                   || total
-------------------------++-------
Melee: Trident           ||   131
Throw: Throwing net      ||     1
  Eat: Chunk             ||     3
Armor: Leather armour    ||    16
       Ring mail         ||    13
Dodge: Dodged            ||    91
